 Dungeon Crawl Stone Soup version 0.23.2-1-ga50397a6bc (webtiles) character file.

Game seed: 18347484499750192707

20780 OneEyedShark the Grappler (level 12, -1/122 HPs)
             Began as a Troll Berserker on May 28, 2019.
             Was a High Priest of Trog.
             Slain by Agnes
             ... wielding a +4 lajatang of pain
              (10 damage)
             ... on level 14 of the Dungeon.
             The game lasted 00:24:40 (11107 turns).

OneEyedShark the Grappler (Troll Berserker)        Turns: 11107, Time: 00:24:40

Health: -1/122     AC: 12    Str: 28    XL:     12   Next: 48%
Magic:  11/11      EV: 19    Int:  3    God:    Trog [*****.]
Gold:   825        SH:  0    Dex: 17    Spells: 11/11 levels left

rFire    . . .     SeeInvis .     - Unarmed
rCold    . . .     Gourm    +   (no shield)
rNeg     . . .     Faith    .   E - +1 steam dragon scales
rPois    .         Spirit   .   (helmet restricted)
rElec    .         Reflect  +   g - +0 cloak
rCorr    .         Harm     .   (gloves unavailable)
MR       .....                  (boots unavailable)
Stlth    +.........             v - +4 amulet of reflection
HPRegen  0.70/turn              c - +5 ring of evasion
MPRegen  0.12/turn              n - +4 ring of dexterity

@: confused
A: large, unfitting armour, claws 3, fast metabolism 3, gourmand, regeneration
1, shaggy fur 1, tough skin 3
a: Berserk, Trog's Hand, Brothers in Arms, Renounce Religion


You were on level 14 of the Dungeon.
You worshipped Trog.
Trog was extremely pleased with you.
You were very full.

You visited 2 branches of the dungeon, and saw 15 of its levels.

You collected 859 gold pieces.
You spent 34 gold pieces at shops.

Inventory:

Hand Weapons
 F - the +2 morningstar of Finos {drain, rC+}
   (You found it on level 9 of the Dungeon)

   A truly terrible weapon, it drains the life of those it strikes.
   It protects you from cold.
 L - a +6 vampiric executioner's axe
Missiles
 G - 7 large rocks (quivered)
Armour
 a - a +1 animal skin
 g - a +0 cloak (worn)
 l - a +0 shield
 r - a scarf of repulsion
 E - +1 steam dragon scales (worn)
Jewellery
 c - a +5 ring of evasion (left claw)
 f - a +3 ring of intelligence
 k - an uncursed ring of see invisible
 n - a +4 ring of dexterity (right claw)
 v - a +4 amulet of reflection (around neck)
 K - an uncursed ring of protection from magic
Wands
 m - a wand of enslavement (5)
 w - a wand of scattershot (6)
 y - a wand of disintegration (8)
 z - a wand of random effects (17)
 H - a wand of polymorph (4)
Scrolls
 d - 4 scrolls of remove curse
 p - 2 scrolls of magic mapping
 q - 2 scrolls of enchant weapon
 s - 4 scrolls of fog
 x - 2 scrolls of teleportation
 D - 2 scrolls of blinking
Potions
 e - 2 potions of invisibility
 h - a potion of agility
 i - 4 potions of might
 j - 4 potions of flight
 o - 5 potions of lignification
 t - 2 potions of brilliance
 u - a potion of curing
 A - a potion of magic
 B - a potion of cancellation
 I - a potion of mutation {unknown}
Comestibles
 b - 33 rations


   Skills:
 + Level 8.8 Fighting
 + Level 5.4 Armour
 - Level 7.0 Dodging
 + Level 5.5 Shields
 * Level 13.8 Unarmed Combat


You had 11 spell levels left.
You didn't know any spells.
Your spell library was empty.

Dungeon Overview and Level Annotations

Branches:
Dungeon (14/15)            Temple (1/1) D:5            Lair (0/6) D:10
    Orc (0/2) D:12         Vaults (0/5) D:13

Altars:
Ashenzari
Cheibriados
Dithmenos
Elyvilon
Fedhas
Gozag
Hepliaklqana
Kikubaaqudgha
Makhleb
Nemelex Xobeh
Okawaru
Qazlal
Ru
Sif Muna
Trog
Uskayaw
Vehumet
Wu Jian
Xom
Yredelemnul
Zin
The Shining One

Shops:
D:10 *   D:12 *   D:13 *

Annotations:
D:5 2 transporters, BorisKarlOrff's ghost, novice MfTm
D:14 Agnes


Innate Abilities, Weirdness & Mutations

You are too large for most types of armour.
You have claws for hands.
Your metabolism is lightning-fast.
You like to eat raw meat.
Your natural rate of healing is unusually fast.
You are covered in fur. (AC +1)
You have extremely tough skin. (AC +3)


Message History

You block Agnes's attack.
You mangle Agnes!!
Agnes is severely wounded.
Agnes hits you with a +4 lajatang of pain!!
* * * LOW HITPOINT WARNING * * *
You completely miss Agnes.
Agnes is severely wounded.
Agnes hits you with a +4 lajatang of pain!
* * * LOW HITPOINT WARNING * * *
You writhe in agony.
* * * LOW HITPOINT WARNING * * *
You claw Agnes! Your claw misses Agnes.
Agnes is severely wounded.
Agnes hits you with a +4 lajatang of pain!
* * * LOW HITPOINT WARNING * * *
It was a potion of ambrosia.
You are confused.
You feel invigorated.
Agnes hits you with a +4 lajatang of pain!
You die...

#............#..P≈≈≈≈...
#..#######...#.≈≈≈≈≈PP..
#..# #...#...≈≈≈≈≈≈.
...# #...#..≈≈≈≈≈≈≈.
...# #.......≈≈≈≈≈.≈
##.# #......≈≈≈≈≈≈P≈ #.#
#.......P≈≈≈≈≈. #.#
#.........≈≈≈≈P #.#
#.....i@.≈≈≈≈P≈ #.#
#.........≈≈≈≈P .#
#.........≈P≈≈≈
#..........≈≈PP
#............≈P
#............≈.
#..........#...
#..........##..


You could see Agnes.

Vanquished Creatures
  An ironheart preserver (D:13)
  5 two-headed ogres
  2 tengu warriors (D:13)
  2 centaur warriors
  A cyclops (D:13)
  3 slime creatures (D:13)
  A faun (shapeshifter) (D:13)
  3 ugly things
  A gargoyle (D:11)
  A kobold demonologist (D:10)
  A tengu conjurer (D:13)
  2 trolls
  A hornet (D:10)
  3 hippogriffs
  6 yaks (D:13)
  A steam dragon (D:8)
  4 vampire mosquitoes (D:12)
  Edmund (D:4)
  A soldier ant (D:13)
  Menkaure (D:6)
  An acid dragon (D:13)
  3 porcupines (D:10)
  A water moccasin (D:6)
  7 orc warriors
  2 phantoms
  3 ice beasts
  A sky beast (D:13)
  An eye of draining (D:8)
  3 black bears
  A necrophage (D:13)
  9 centaurs
  12 ogres
  2 crocodiles
  6 bullfrogs
  A wyvern zombie (D:13)
  3 scorpions
  2 water moccasin skeletons (D:10)
  2 wights
  5 howler monkeys
  9 crimson imps
  2 centaur zombies
  8 hounds
  6 jellies
  4 centaur skeletons
  A bullfrog zombie (D:11)
  3 orc priests
  3 bullfrog skeletons
  3 iguanas
  10 orc wizards
  12 worker ants
  2 hound skeletons
  4 gnolls (D:6)
  2 worker ant zombies
  13 adders
  8 shadow imps
  An adder zombie (D:10)
  4 dart slugs
  3 leopard geckos
  48 orcs
  4 giant cockroaches
  5 hobgoblins
  5 jackals
  5 kobolds
  2 quokkas
  A ball python (D:1)
  6 bats
  7 frilled lizards
  6 goblins
  A leopard gecko skeleton (D:4)
  4 rats
298 creatures vanquished.

Vanquished Creatures (others)
  30 fungi (D:10)
  6 plants (D:10)
36 creatures vanquished.

Grand Total: 334 creatures vanquished

Notes
Turn   | Place    | Note
-------+----------+-------------------------------------------
     0 | D:1      | OneEyedShark the Troll Berserker began the quest for the
                  | Orb.
     0 | D:1      | Reached XP level 1. HP: 22/22 MP: 0/0
   119 | D:1      | Reached XP level 2. HP: 29/29 MP: 1/1
  1115 | D:2      | Reached XP level 3. HP: 36/36 MP: 2/2
  1365 | D:2      | Reached ** piety under Trog
  1817 | D:3      | Reached skill level 4 in Unarmed Combat
  1821 | D:3      | Reached XP level 4. HP: 45/45 MP: 3/3
  2323 | D:4      | Reached XP level 5. HP: 39/53 MP: 4/4
  2392 | D:4      | Noticed Edmund
  2419 | D:4      | Killed Edmund
  2419 | D:4      | Reached skill level 5 in Unarmed Combat
  2419 | D:4      | Reached XP level 6. HP: 18/61 MP: 5/5
  2759 | D:4      | Found a glowing silver altar of Zin.
  2759 | D:4      | Found an opulent altar of Gozag.
  2883 | D:5      | Entered Level 5 of the Dungeon
  3004 | D:5      | Reached *** piety under Trog
  3004 | D:5      | Reached skill level 6 in Unarmed Combat
  3004 | D:5      | Reached XP level 7. HP: 65/68 MP: 6/6
  3233 | D:5      | Noticed BorisKarlOrff's ghost (novice MfTm)
  3234 | D:5      | Found a transporter.
  3235 | D:5      | Found a transporter.
  3290 | D:5      | Found a staircase to the Ecumenical Temple.
  3432 | Temple   | Entered the Ecumenical Temple
  3618 | D:5      | Found a bloodstained altar of Trog.
  3690 | D:5      | Found an ornate altar of the Wu Jian Council.
  3802 | D:6      | Reached skill level 7 in Unarmed Combat
  3816 | D:6      | Reached XP level 8. HP: 75/79 MP: 7/7
  3843 | D:6      | Noticed Menkaure
  4022 | D:6      | Killed Menkaure
  4235 | D:6      | Reached skill level 5 in Fighting
  4235 | D:6      | Reached skill level 5 in Dodging
  4235 | D:6      | Reached skill level 8 in Unarmed Combat
  4285 | D:6      | Found a basalt altar of Yredelemnul.
  4489 | D:6      | Reached **** piety under Trog
  4775 | D:6      | Found a snail-covered altar of Cheibriados.
  5365 | D:7      | Reached XP level 9. HP: 88/88 MP: 8/8
  5600 | D:8      | Reached skill level 9 in Unarmed Combat
  6370 | D:9      | Got a pitted morningstar
  6372 | D:9      | Identified the +2 morningstar of Finos {drain, rC+} (You
                  | found it on level 9 of the Dungeon)
  6444 | D:9      | Noticed a two-headed ogre
  6445 | D:9      | Noticed a two-headed ogre
  6460 | D:9      | Killed a two-headed ogre
  6460 | D:9      | Reached skill level 10 in Unarmed Combat
  6466 | D:9      | Killed a two-headed ogre
  6466 | D:9      | Reached XP level 10. HP: 46/100 MP: 9/9
  6656 | D:9      | Found a stormy altar of Qazlal.
  6885 | D:9      | Found a shattered altar of Ashenzari.
  6991 | D:10     | Entered Level 10 of the Dungeon
  7090 | D:10     | Found Xogoeg's General Store.
  7196 | D:10     | Reached ***** piety under Trog
  7236 | D:10     | Reached skill level 1 in Armour
  7236 | D:10     | Reached skill level 1 in Shields
  7436 | D:10     | Reached skill level 11 in Unarmed Combat
  7713 | D:10     | Found a staircase to the Lair.
  8301 | D:11     | Noticed a gargoyle
  8307 | D:11     | Killed a gargoyle
  8568 | D:11     | Noticed a two-headed ogre
  8577 | D:11     | Killed a two-headed ogre
  8577 | D:11     | Reached XP level 11. HP: 82/109 MP: 10/10
  8631 | D:11     | Noticed a green ugly thing
  8645 | D:11     | Killed a green ugly thing
  8931 | D:12     | Received a gift from Trog
  9008 | D:12     | Found a staircase to the Orcish Mines.
  9010 | D:12     | Noticed a two-headed ogre
  9015 | D:12     | Killed a two-headed ogre
  9015 | D:12     | Reached skill level 12 in Unarmed Combat
  9184 | D:12     | Found Obawkueho's General Store.
  9406 | D:12     | Noticed a white ugly thing
  9411 | D:12     | Killed a white ugly thing
  9549 | D:13     | Noticed a tengu warrior
  9557 | D:13     | Killed a tengu warrior
  9612 | D:13     | Noticed a death drake
  9646 | D:13     | a death drake changed into a faun
  9804 | D:13     | Noticed a centaur warrior
  9804 | D:13     | Noticed a tengu warrior
  9819 | D:13     | Killed a centaur warrior
  9825 | D:13     | Killed a tengu warrior
  9825 | D:13     | Reached skill level 13 in Unarmed Combat
  9973 | D:13     | Noticed a two-headed ogre
  9981 | D:13     | Killed a two-headed ogre
 10010 | D:13     | Received a gift from Trog
 10039 | D:13     | Reached XP level 12. HP: 122/122 MP: 11/11
 10062 | D:13     | Found a gate to the Vaults.
 10062 | D:13     | Noticed an ironheart preserver
 10076 | D:13     | Killed an ironheart preserver
 10229 | D:13     | Reached skill level 5 in Shields
 10287 | D:13     | Reached skill level 5 in Armour
 10509 | D:13     | Identified the Handbook of Spatial Companions
 10597 | D:13     | Found Couch's Assorted Antiques.
 10601 | D:13     | Bought a scroll labeled IRCHET VEUMOTHE for 34 gold pieces
 10855 | D:14     | Noticed a centaur warrior
 10863 | D:14     | Killed a centaur warrior
 11090 | D:14     | Noticed Agnes
 11106 | D:14     | HP: 4/122 [Agnes/+4 lajatang of pain (14)]
 11107 | D:14     | Slain by Agnes

Skill      XL: |  1  2  3  4  5  6  7  8  9 10 11 12 |
---------------+-------------------------------------+-----
Unarmed Combat | 4 5 6 7 8 10 11 13 | 13.8
Fighting       | 3 4 5 6 7 8 |  8.8
Dodging        | 3 4 5 6 7 |  7.0
Armour         | 2 4 5 |  5.4
Shields        | 2 4 5 |  5.5

Action                   |  1- 3 |  4- 6 |  7- 9 | 10-12 || total
-------------------------+-------+-------+-------+-------++-------
Melee: Unarmed           |    88 |    99 |   244 |   473 ||   904
       Punch             |     3 |     2 |     9 |    38 ||    52
Invok: Berserk           |       |       |       |     2 ||     2
  Use: Scroll            |     8 |     5 |    12 |     3 ||    28
       Potion            |       |       |       |     2 ||     2
 Stab: Sleeping          |     1 |     1 |     2 |     5 ||     9
  Eat: Chunk             |    20 |    13 |    31 |    47 ||   111
Armor: Animal skin       |    22 |    18 |    31 |       ||    71
       Steam dragon scal |       |       |     5 |   107 ||   112
Dodge: Dodged            |    74 |    77 |   180 |   369 ||   700
Block: Other             |       |       |    11 |    91 ||   102
       Reflection        |       |       |     1 |     3 ||     4
